 Dungeon Crawl Stone Soup version 0.27-a0-1071-ga85bd9520d (console) character file.

Game seed: 4792456170201842530

327 nht the Digger (level 6, 36/36 HPs)
             Began as a Demonspawn Earth Elementalist on Apr 24, 2021.
             Was a Believer of Hepliaklqana.
             Quit the game on level 4 of the Dungeon.
             The game lasted 00:04:41 (3277 turns).

nht the Digger (Demonspawn Earth Elementalist)      Turns: 3277, Time: 00:04:41

Health: 36/36      AC:  7    Str:  8    XL:     6   Next: 24%
Magic:  9/9        EV: 12    Int: 18    God:    Hepliaklqana [**....]
Gold:   116        SH:  0    Dex: 14    Spells: 8/9 levels left

rFire    . . .     SeeInvis .   h - +1 short sword (venom)
rCold    . . .     Faith    .   (no shield)
rNeg     . . .     Spirit   .   c - +0 robe
rPois    .         Reflect  .   (no helmet)
rElec    .         Harm     .   n - +2 cloak {rCorr}
rCorr    +         Rampage  .   i - +0 pair of gloves
Will     .....                  (no boots)
Stlth    ++........             (no amulet)
HPRegen  0.12/turn              (no ring)
MPRegen  0.11/turn              (no ring)

@: no status effects
A: reduced essence, powered by death 1, powered by pain 1, sharp scales 1
a: Renounce Religion, Recall Ancestor, Ancestor Identity


You were on level 4 of the Dungeon.
You worshipped Hepliaklqana.
Hepliaklqana was pleased with you.
You visited 1 branch of the dungeon, and saw 4 of its levels.

You collected 116 gold pieces.

Inventory:

Hand Weapons
 h - a +1 short sword of venom (weapon)
Armour
 c - a +0 robe (worn)
 i - a +0 pair of gloves (worn)
 n - a +2 cloak of preservation (worn)
Wands
 m - a wand of polymorph (2)
Scrolls
 a - a scroll of vulnerability
 b - 3 scrolls of amnesia {unknown}
 d - a scroll of fog
 j - a scroll of teleportation {unknown}
 k - a scroll of torment {unknown}
Potions
 e - a potion of curing {unknown}
 f - 2 potions of mutation
 g - a potion of invisibility
 l - 2 potions of cancellation {unknown}


   Skills:
 - Level 1.7 Dodging
 - Level 1.7 Stealth
 - Level 2.0 Spellcasting
 - Level 0.8 Transmutations
 + Level 6.5 Earth Magic


You had 8 spell levels left.
You knew the following spells:

 Your Spells              Type           Power      Damage    Failure   Level
a - Sandblast             Erth           50%        2d12      1%          1

Your spell library contained the following spells:

 Spells                   Type           Power      Damage    Failure   Level
 Passwall                 Tmut/Erth      12%        N/A       6%          2
 Stone Arrow              Conj/Erth      26%        3d8       14%         3
 Summon Small Mammal      Summ           4%         N/A       19%         1
 Call Imp                 Summ           1%         N/A       26%         2
 Lee's Rapid Deconstruct  Erth           12%        3d10*     34%         5
 Petrify                  Tmut/Erth      15%        N/A       36%         4
 Call Canine Familiar     Summ           1%         N/A       47%         3
 Summon Guardian Golem    Hex/Summ       1%         N/A       47%         3
 Summon Ice Beast         Ice/Summ       1%         N/A       87%         4
 Summon Lightning Spire   Summ/Air       1%         N/A       87%         4


Dungeon Overview and Level Annotations

Branches:
Dungeon (4/15)
 Temple: D:4-7

Altars:
Dithmenos
Hepliaklqana
Okawaru
Sif Muna


Innate Abilities, Weirdness & Mutations

Your life essence is reduced to manifest your ancestor. (-10% HP)
You regenerate a little health from kills.
You sometimes gain a little power by taking damage.
You are partially covered in razor-sharp scales. (AC +1, Slay +1)


Message History

Found a stone staircase leading down.
There is a stone staircase leading up here.
Unknown command.
You swap places.
There is a stone staircase leading up here.
You open the door.
An endoplasm comes into view.
An endoplasm is nearby!
There is an open door here.
A hound comes into view.
The endoplasm hits you.
You hit the endoplasm.
The endoplasm is moderately wounded.
The endoplasm barely misses you.
You hit the endoplasm.
The endoplasm is severely wounded.
The hound barks!
Vusi hits the endoplasm with a +0 flail!
The endoplasm dies!
The hound barely misses you. The hound bites you but does no damage.
You hit the hound.
The hound is poisoned.
The hound is moderately wounded.
The hound bites you but does no damage.
Vusi closely misses the hound.
The hound misses you.
You barely miss the hound.
The hound is moderately wounded.
Vusi barely misses the hound.
The hound bites you.
Vusi hits the hound with a +0 flail!
You barely miss the hound.
The hound is severely wounded.
The hound bites you but does no damage. x2
Vusi hits the hound with a +0 flail!
The hound dies!
HP restored.
A goblin comes into view. It is wielding a +0 club.
The goblin shouts!
You hit the goblin.
The goblin is poisoned.
The goblin is severely wounded.
The goblin hits you but does no damage.
Are you sure you want to abandon this character and quit the game? (Confirm with "yes".)

█.........█
█.█.█
█.........█
█.█.█
█.█████████
█.█.. █.█
███ █.█ █.█
█.█ █.█
██████.█ █.█
█R@g...█ █.█
█.██████
█.████████.█
█..........█


████████████ You could see the friendly Vusi the knight and a goblin (very
poisoned, ally target).

Vanquished Creatures
  Sigmund (D:2)
  2 adders (D:3)
  5 dart slugs
  4 orcs (D:3)
  2 ball pythons
  4 endoplasms
  5 giant cockroaches
  4 goblins
  11 hobgoblins
  9 jackals
  2 quokkas (D:1)
  2 bats (D:1)
  7 frilled lizards
  6 kobolds
  3 rats
67 creatures vanquished.

Vanquished Creatures (collateral kills)
  A hound (D:4)
  Crazy Yiuf (D:3)
  An endoplasm (D:4)
  A giant cockroach (D:3)
4 creatures vanquished.

Grand Total: 71 creatures vanquished

Notes
Turn   | Place    | Note
-------+----------+-------------------------------------------
     0 | D:1      | nht the Demonspawn Earth Elementalist began the quest for
                  | the Orb.
     0 | D:1      | Reached XP level 1. HP: 13/13 MP: 3/3
   150 | D:2      | Reached skill level 3 in Earth Magic
   182 | D:2      | Gained mutation: You sometimes gain a little power by
                  | taking damage. [demonic ancestry]
   182 | D:2      | Reached XP level 2. HP: 19/19 MP: 0/5
   687 | D:1      | Gained mutation: You are partially covered in razor-sharp
                  | scales. (AC +1, Slay +1) [demonic ancestry]
   687 | D:1      | Reached XP level 3. HP: 22/24 MP: 0/6
   912 | D:1      | Reached skill level 4 in Earth Magic
  1631 | D:2      | Noticed Sigmund
  1799 | D:2      | Killed Sigmund
  1800 | D:2      | Reached skill level 5 in Earth Magic
  1800 | D:2      | Reached XP level 4. HP: 23/30 MP: 1/7
  1800 | D:2      | Gained mutation: You regenerate a little health from kills.
                  | [demonic ancestry]
  1800 | D:2      | Reached XP level 5. HP: 27/35 MP: 1/8
  1812 | D:2      | Found a faded altar of an unknown god.
  1821 | D:2      | Became a worshipper of Hepliaklqana the Forgotten
  1821 | D:2      | Reached * piety under Hepliaklqana
  2214 | D:3      | Reached skill level 6 in Earth Magic
  2403 | D:3      | Found a runed translucent door.
  2404 | D:3      | Noticed Crazy Yiuf
  2622 | D:3      | Found a shimmering blue altar of Sif Muna.
  2658 | D:3      | Reached ** piety under Hepliaklqana
  2659 | D:3      | Remembered your ancestor Vusi as a knight
  2752 | D:3      | Reached XP level 6. HP: 29/36 MP: 9/9
  2802 | D:3      | Found an iron altar of Okawaru.
  3075 | D:3      | Found a shadowy altar of Dithmenos.
  3167 | D:3      | Killed Crazy Yiuf
  3277 | D:4      | Quit the game

Illustrated notes

Levels and vault maps discovered:
D:1:      lightli_arrival_noodles, layout_basic
D:2:      layout_loops_ring, hellmonk_ecumenical_altar_inner_sanctum,
          uniq_sigmund
D:3:      layout_basic, nicolae_overflow_hidden_temple,
          lemuel_coloured_pillars_altar,
          nicolae_dithmenos_through_a_glass_darkly, uniq_crazy_yiuf_cottage
D:4:      layout_basic, lemuel_round_altar, minmay_three_crescents, uniq_ijyb,
          uniq_pikel, uniq_menkaure, uniq_grinder

Skill      XL: |  1  2  3  4  5 |
---------------+----------------+-----
Earth Magic    | 3 5 6 |  6.5
Dodging        | |  1.7
Stealth        | |  1.7
Spellcasting   | |  2.0
Transmutations | |  0.8

Action                   |  1- 3 |  4- 6 || total
-------------------------+-------+-------++-------
Melee: Unarmed           |     3 |       ||     3
       Short sword       |    48 |    49 ||    97
 Cast: Sandblast         |    47 |     3 ||    50
Invok: Ancestor Life: Kn |       |     1 ||     1
  Use: Scroll            |     3 |       ||     3
       Potion            |     1 |       ||     1
 Stab: Sleeping          |     4 |     1 ||     5
       Invisible         |     2 |       ||     2
Armor: Robe              |    15 |    14 ||    29
Dodge: Dodged            |    32 |    23 ||    55

Table legend: (Time is in decaauts)
 A = Elapsed time spent in this place.
 B = Non-inter-level travel time spent in this place.
 C = Inter-level travel time spent in this place.
 D = Time resting spent in this place.
 E = Time spent auto-exploring this place.
 F = Levels seen in this place.
 G = Mean time per level.
                   A        B        C        D        E       F      G
               +--------+--------+--------+--------+--------+-----+--------+
         Total |   3287 |   3180 |    107 |      0 |   2724 |   4 |  821.8 |
       Dungeon |   3287 |   3180 |    107 |      0 |   2724 |   4 |  821.8 |
               +--------+--------+--------+--------+--------+-----+--------+

Top non-repeatable levels by time:
     D:1: 1132 daAuts
     D:3: 1047 daAuts
     D:2: 1042 daAuts
     D:4: 64 daAuts
